 Dungeon Crawl Stone Soup version 0.20.1-1-g8b1a95d (webtiles) character file.

567 Gremour the Cleaver (level 7, -8/57 HPs)
             Began as a Hill Orc Fighter on Dec 8, 2017.
             Killed by nerve-wracking pain
             ... invoked by Grinder
              (13 damage)
             ... on level 5 of the Dungeon.
             The game lasted 00:15:16 (4372 turns).

Gremour the Cleaver (Hill Orc Fighter)              Turns: 4372, Time: 00:15:17

Health: -8/57      AC:  6    Str: 30    XL:     7   Next: 33%
Magic:  7/7        EV: 12    Int:  8    God:
Gold:   198        SH: 11    Dex: 17    Spells: 6/6 levels left

rFire    . . .     SeeInvis .   a - +0 war axe
rCold    . . .     Gourm    .   c - +0 shield
rNeg     . . .     Faith    .   b - +0 scale mail
rPois    .         Spirit   .   (no helmet)
rElec    .         Reflect  .   (no cloak)
rCorr    .         Harm     .   (no gloves)
MR       .....                  (no boots)
Stlth    +.........             (no amulet)
Regen    0.2/turn               d - +6 ring of strength
MPRegen  0.1/turn               (no ring)

@: mighty, agile
A: no striking features
a: no special abilities


You were on level 5 of the Dungeon.
You were not hungry.

You visited 1 branch of the dungeon, and saw 5 of its levels.

You collected 198 gold pieces.

Inventory:

Hand Weapons
 a - a +0 war axe (weapon)
 s - a +0 trident of protection
Armour
 b - a +0 scale mail (worn)
 c - a +0 shield (worn)
Jewellery
 d - a +6 ring of strength (left hand)
 q - an uncursed ring of ice
Scrolls
 g - 2 scrolls of enchant armour {unknown}
 h - 3 scrolls of remove curse {unknown}
 i - 4 scrolls of amnesia {unknown}
 j - a scroll of fear {unknown}
 k - 2 scrolls of blinking {unknown}
 m - a scroll of magic mapping {unknown}
 n - a scroll of fog {unknown}
 o - a scroll of noise {unknown}
 v - a scroll of teleportation {unknown}
 w - 2 scrolls of identify {unknown}
 x - a scroll of recharging {unknown}
Potions
 e - a potion of magic {unknown}
 l - a potion of invisibility {unknown}
 p - a potion of heal wounds {unknown}
 u - a potion of agility
Comestibles
 f - 5 bread rations
 r - a meat ration
 t - 2 fruits
 A - a royal jelly


   Skills:
 - Level 3.6 Fighting
 + Level 10.2 Axes
 - Level 3.2 Armour
 - Level 3.2 Shields


You had 6 spell levels left.
You didn't know any spells.

Dungeon Overview and Level Annotations

Branches:
Dungeon (5/15)
 Temple: D:4-7

Altars:
Hepliaklqana
Kikubaaqudgha
Vehumet
Xom

Annotations:
D:3 Anon1729's ghost, amateur OpEE
D:5 Grinder


Message History

You suddenly lose the ability to move!
Grinder hits you.
You writhe in agony.
Grinder hits you but does no damage. Grinder hits you.
You writhe in agony.
* * * LOW HITPOINT WARNING * * *
You can move again.
It was a potion of agility.
You feel agile all of a sudden. Grinder barely misses you.
You slice Grinder!!
Grinder is heavily wounded.
Grinder hits you.
* * * LOW HITPOINT WARNING * * *
You writhe in agony.
* * * LOW HITPOINT WARNING * * *
You barely miss Grinder.
Grinder is heavily wounded.
Grinder gestures at you. Pain shoots through your body!
You die...

##........#########...#####
.#....##### #...# ..#...##
#...# ...##..# #...#
.......# #...# .#.....#
#...# .......# #...#
.##....# #######.###
####.### #..5@....# #.#
#...#.####..# #.# #. #. #.#
#.# #. ..# ##.# #. ...#
##..# # #. #.# #..## .#.#.
.# ##.###### #.#.#.
........##..#


You could see Grinder.

Vanquished Creatures
  Menkaure (D:4)
  4 orc priests
  A hound (D:4)
  3 orc wizards
  2 iguanas (D:4)
  2 worker ants (D:4)
  A hound skeleton (D:4)
  6 adders
  An ooze (D:2)
  A worm (D:2)
  A dart slug (D:1)
  4 leopard geckos
  8 orcs
  4 giant cockroaches
  A goblin (D:1)
  6 hobgoblins
  8 jackals
  2 quokkas
  5 bats
  6 frilled lizards
  3 kobolds
  4 rats
74 creatures vanquished.

Notes
Turn   | Place    | Note
-------+----------+-------------------------------------------
     0 | D:1      | Gremour the Hill Orc Fighter began the quest for the Orb.
     0 | D:1      | Reached XP level 1. HP: 19/19 MP: 1/1
   121 | D:1      | Reached skill level 3 in Axes
   288 | D:1      | Reached XP level 2. HP: 25/26 MP: 2/2
   525 | D:1      | Reached skill level 4 in Axes
   900 | D:2      | Reached XP level 3. HP: 27/31 MP: 3/3
  1065 | D:2      | Reached skill level 5 in Axes
  1206 | D:2      | Reached XP level 4. HP: 15/39 MP: 4/4
  1643 | D:3      | Reached skill level 6 in Axes
  1644 | D:3      | Reached XP level 5. HP: 32/45 MP: 5/5
  1804 | D:3      | Found a radiant altar of Vehumet.
  1806 | D:3      | Found a hazy altar of Hepliaklqana.
  1806 | D:3      | Found an ancient bone altar of Kikubaaqudgha.
  1815 | D:3      | Found a shimmering altar of Xom.
  1838 | D:3      | Noticed Anon1729's ghost (amateur OpEE)
  2172 | D:3      | Reached skill level 7 in Axes
  2692 | D:3      | Reached skill level 8 in Axes
  2692 | D:3      | Reached XP level 6. HP: 42/51 MP: 6/6
  2814 | D:2      | You fall through a shaft!
  3118 | D:4      | Found a shimmering altar of Xom.
  3279 | D:4      | Noticed Menkaure
  3285 | D:4      | Killed Menkaure
  3285 | D:4      | Reached skill level 9 in Axes
  3657 | D:4      | Reached XP level 7. HP: 57/57 MP: 7/7
  3726 | D:4      | Reached skill level 10 in Axes
  4235 | D:5      | Entered Level 5 of the Dungeon
  4356 | D:5      | Noticed Grinder
  4366 | D:5      | Paralysed by Grinder for 4 turns
  4372 | D:5      | Killed from afar by Grinder

Skill      XL: |  1  2  3  4  5  6  7 |
---------------+----------------------+-----
Axes           | 3 4 5 6 8 9 10 | 10.2
Fighting       | |  3.6
Armour         | |  3.2
Shields        | |  3.2

Action                   |  1- 3 |  4- 6 |  7- 9 || total
-------------------------+-------+-------+-------++-------
Melee: War axe           |   114 |   113 |    58 ||   285
  Use: Potion            |       |     4 |     3 ||     7
  Eat: Chunk             |     1 |     5 |     3 ||     9
       Royal jelly       |       |     1 |       ||     1
Armor: Scale mail        |    47 |    33 |    20 ||   100
Dodge: Dodged            |    39 |    38 |    10 ||    87
Block: Shield            |    56 |    58 |    22 ||   136
